Map: Galactic Process LE

Players

LiquidVortiX (Vortix)

  • Race: Zerg Zerg
  • League: Master

Reynor - Winner!

  • Race: Zerg Zerg
  • League: Master

Event: DreamHack ZOWIE Open Valencia 2016

VOD

Have the link to the VOD?

Description

Time

  • Played on: July 15, 2016, 12:09 p.m.
  • Length: 10:49

All games in this series

Show
View Real Time Build Order
Export as new Build Order

LiquidVortiX Zerg 

Build Orders: Hatch First 

Get SALT Encoding   

  12  0:00  Drone  
  13  0:12  Overlord  
  13  0:17  Drone  
  14  0:30  Drone x2  
  14  0:34  Drone  
  17  0:52  Hatchery  
  17  0:55  Drone  
  17  0:58  Drone  
  18  1:08  Extractor  
  17  1:13  Spawning Pool  
  17  1:16  Drone  
  17  1:18  Drone  
  18  1:28  Drone  
  19  1:38  Overlord  
  19  1:59  Queen  
  19  2:00  Zergling x4  
  23  2:03  Queen  
  23  2:04  Zergling x2  
  23  2:08  Metabolic Boost  
  26  2:10  Drone  
  27  2:16  Drone  
  28  2:28  Drone x2  
  30  2:33  Baneling Nest  
  29  2:45  Drone x2, Overlord  
  31  2:52  Overlord  
  31  3:04  Zergling x2  
  31  3:05  Zergling x2  
  33  3:12  Drone x2  
  35  3:18  Baneling x2  
  35  3:19  Hatchery  
  34  3:21  Drone x3  
  36  3:29  Drone  
  36  3:30  Drone x2  
  39  3:34  Zergling x4  
  41  3:45  Drone x3  
  41  3:47  Overlord  
  44  3:55  Overlord  
  42  4:03  Zergling x2  
  42  4:07  Overlord x2  
  42  4:08  Roach Warren  
  42  4:09  Extractor  
  41  4:12  Drone x3  
  43  4:33  Zergling x10  
  43  4:34  Zergling x2  
  49  4:46  Queen  
  49  4:49  Overlord  
  48  4:54  Baneling x4  
  48  4:55  Roach  
  48  4:56  Roach x7  
  48  4:59  Roach  
  65  5:10  Roach x4  
  73  5:20  Zergling x2  
  73  5:21  Zergling x10  
  76  5:26  Zergling x6  
  79  5:31  Zergling x6  
  79  5:34  Zergling x2  
  80  5:45  Zergling x2  
  80  5:46  Zergling x6  
  78  5:50  Roach  
  78  5:54  Roach  
  73  5:58  Zergling x2  
  73  5:59  Baneling  
  73  6:00  Baneling x6  
  76  6:04  Roach x2  
  76  6:05  Zergling x2  
  76  6:09  Zergling x2  
  68  6:18  Roach  
  68  6:19  Roach  
  61  6:30  Baneling x2  
  55  6:35  Roach x2  
  55  6:36  Roach x2  
  55  6:38  Zergling x2  
  64  6:41  Baneling  
  64  6:42  Baneling  
  64  6:46  Roach, Zergling x2  
  67  6:52  Roach, Zergling x2  
  67  7:01  Roach x2  
  68  7:07  Roach, Zergling x2  
  71  7:13  Roach, Zergling x2  
  69  7:20  Baneling  
  67  7:23  Zergling x4  
  67  7:25  Zergling x2  
  67  7:28  Baneling  
  67  7:29  Baneling  
  70  7:36  Roach x2, Zergling x2  
  70  7:38  Zergling x2  
  69  7:51  Roach x2, Zergling x2  
  71  7:53  Baneling x2  
  71  7:54  Baneling  
  70  8:00  Baneling  
  70  8:04  Roach, Zergling x4  
  63  8:21  Roach x3, Zergling x2  
  63  8:22  Zergling x2  
  63  8:25  Zergling x2  
  61  8:31  Zergling x4  
  61  8:33  Baneling  
  62  8:34  Baneling  
  62  8:36  Baneling  
  62  8:37  Baneling  
  58  8:49  Roach x2  
  56  8:57  Zergling x2  
  56  9:00  Zergling x2  
  57  9:06  Zergling x4  
  57  9:08  Baneling x2  
  54  9:10  Zergling x2  
  54  9:12  Zergling x2  
  54  9:17  Zergling x4  
  53  9:21  Zergling x2  
  54  9:29  Zergling x4  
  54  9:30  Zergling x2  
  53  9:36  Zergling x6  
  50  9:52  Baneling  
  50  9:53  Baneling x3  
  46  10:03  Roach x2  
  46  10:04  Roach x2, Zergling x6  
  38  10:36  Drone x7  
  38  10:37  Drone x2  
Show
View Real Time Build Order
Export as new Build Order

Reynor Zerg - Winner!

Build Orders: Pool First 

Get SALT Encoding   

  12  0:00  Drone  
  13  0:12  Overlord  
  13  0:17  Drone  
  14  0:26  Drone, Extractor  
  15  0:31  Drone  
  15  0:35  Drone  
  17  0:47  Spawning Pool  
  17  0:49  Drone  
  17  0:52  Extractor  
  17  0:56  Drone  
  17  1:07  Drone  
  18  1:24  Hatchery  
  17  1:33  Zergling x2  
  17  1:36  Queen  
  20  1:43  Overlord  
  21  1:47  Drone  
  21  1:59  Metabolic Boost  
  21  2:00  Zergling x2  
  23  2:01  Drone  
  23  2:12  Queen  
  23  2:15  Drone  
  26  2:24  Zergling x2  
  27  2:33  Overlord  
  27  2:37  Zergling x2  
  28  2:44  Drone x3  
  28  2:45  Evolution Chamber  
  28  2:46  Drone  
  28  2:47  Drone  
  32  2:59  Drone x2  
  34  3:08  Zergling x2  
  34  3:09  Drone  
  34  3:12  Zerg Melee Weapons Level 1  
  36  3:16  Spine Crawler  
  36  3:18  Zergling x2  
  36  3:20  Drone  
  36  3:23  Overlord  
  36  3:24  Zergling x2  
  36  3:26  Drone  
  39  3:29  Drone  
  39  3:32  Drone  
  41  3:34  Drone  
  41  3:35  Drone  
  43  3:43  Overlord  
  43  3:44  Drone x2  
  44  3:53  Overlord  
  44  4:00  Zergling x6  
  44  4:02  Zergling x2  
  44  4:04  Zergling x2  
  44  4:07  Baneling Nest  
  44  4:08  Zergling x2  
  44  4:09  Zergling x2  
  46  4:17  Zergling x4  
  47  4:31  Zergling x2  
  47  4:35  Drone x3  
  51  4:39  Zergling x2  
  51  4:40  Drone x2  
  51  4:43  Zergling x4  
  53  4:50  Zergling x2  
  53  4:53  Zergling x2  
  53  4:54  Zergling x2  
  53  4:59  Hatchery  
  54  5:01  Lair  
  54  5:03  Extractor  
  54  5:06  Zergling x4  
  55  5:13  Queen  
  57  5:14  Zergling x2  
  57  5:17  Zergling x2, Drone, Overlord  
  60  5:25  Spine Crawler, Baneling x2  
  60  5:26  Spine Crawler  
  60  5:28  Zergling x4  
  60  5:29  Zergling x4  
  60  5:31  Spine Crawler  
  60  5:35  Zergling x2  
  62  5:36  Zergling x2  
  62  5:42  Zergling x2  
  60  5:44  Zergling x2  
  60  5:45  Zergling x2  
  60  5:47  Zergling x2  
  56  5:51  Zergling x2  
  56  5:52  Zergling x2, Baneling x5  
  53  6:03  Zergling x8  
  57  6:05  Baneling x4  
  57  6:08  Zergling x2  
  58  6:14  Zergling x8  
  58  6:17  Zergling x2  
  55  6:19  Baneling x3  
  55  6:24  Zergling x2  
  48  6:27  Zergling x2  
  48  6:32  Zergling x6  
  51  6:34  Extractor  
  51  6:35  Baneling  
  51  6:36  Baneling x2  
  51  6:38  Zergling x4  
  52  6:44  Zergling x4  
  52  6:45  Queen, Baneling x3  
  52  6:46  Zergling x2  
  55  6:53  Zergling x2, Queen  
  51  6:54  Zergling x2  
  51  7:00  Zergling x2  
  51  7:02  Baneling x2  
  51  7:03  Zergling x4  
  51  7:06  Zergling x4  
  51  7:07  Baneling  
  54  7:11  Zergling x2  
  54  7:14  Zergling x2  
  50  7:22  Spire  
  50  7:24  Zergling x4  
  50  7:27  Drone  
  51  7:35  Zergling x2  
  51  7:36  Zergling x2, Baneling x3  
  47  7:39  Zergling x2  
  47  7:40  Baneling  
  48  7:44  Zergling x2  
  48  7:49  Zergling x4  
  50  7:54  Spine Crawler  
  50  7:56  Zergling x2  
  50  8:03  Zergling x6  
  49  8:06  Baneling x2  
  49  8:09  Zergling x2  
  48  8:18  Zergling x6  
  48  8:19  Zergling x2  
  43  8:24  Zergling x4  
  42  8:28  Zergling x2  
  42  8:33  Baneling x2  
  40  8:40  Mutalisk  
  41  8:42  Zergling x4  
  41  8:47  Mutalisk  
  44  8:54  Mutalisk  
  44  8:55  Zergling x2  
  43  8:58  Mutalisk  
  43  9:00  Baneling  
  43  9:02  Zergling x2  
  45  9:05  Zergling x4  
  45  9:08  Zergling x2  
  47  9:10  Zergling x2  
  47  9:14  Zergling x4  
  49  9:19  Zergling x4  
  49  9:21  Baneling x2  
  49  9:23  Zergling x2  
  44  9:32  Mutalisk  
  44  9:33  Drone  
  46  9:41  Drone  
  47  9:47  Drone x2  
  50  9:52  Zergling x2  
  50  9:53  Zergling x4  
  50  9:56  Drone  
  50  9:59  Zergling x2  
  54  10:06  Zergling x4  
  56  10:09  Zergling x2  
  56  10:17  Baneling x2  
  56  10:19  Zergling x2  
  56  10:21  Drone x2  
  52  10:25  Drone  
  52  10:30  Drone x2  

Tags
 
Add a new tag
Caveats
  • Supply blocks, unpowered buildings, or Contaminate may cause inaccurate times.
  • Supply counts are checked every 10 seconds.